 Dungeon Crawl Stone Soup version 0.20.1-1-g8b1a95d (webtiles) character file.

152432 Firecrotchwizard the Severer (level 17, -13/159 HPs)
             Began as a Minotaur Berserker on July 30, 2017.
             Was the Champion of Trog.
             Mangled by a thorn hunter (15 damage)
             ... on level 4 of the Swamp on Aug 1, 2017.
             The game lasted 01:19:11 (28762 turns).

Firecrotchwizard the Severer (Minotaur Berserker)  Turns: 28762, Time: 01:19:11

Health: -13/159    AC: 24    Str: 23    XL:     17   Next: 2%
Magic:  23/23      EV: 23    Int:  4    God:    Trog [******]
Gold:   1596       SH: 19    Dex: 16    Spells: 16/16 levels left

rFire    . . .     SeeInvis +   Q - +9 broad axe (elec)
rCold    + . .     Gourm    .   w - +1 shield {reflect}
rNeg     . . .     Faith    .   Y - +0 swamp dragon scales
rPois    +         Spirit   .   b - +2 hat
rElec    +         Reflect  +   D - +1 cloak of Starlight {rElec rC+ EV+4 Stlth--}
rCorr    .         Harm     .   N - +2 pair of gloves
MR       ++...                  n - +2 pair of boots
Stlth    ..........             M - +5 amulet of reflection
Regen    0.4/turn               l - ring of protection from magic {MR+, !d}
MPRegen  0.2/turn               O - ring of see invisible {sInv, !d}

@: no status effects
A: retaliatory headbutt, horns 2
a: Berserk, Trog's Hand, Brothers in Arms, Burn Spellbooks, Renounce Religion


You were on level 4 of the Swamp.
You worshipped Trog.
Trog was exalted by your worship.
You were not hungry.

You visited 4 branches of the dungeon, and saw 27 of its levels.
You also visited: Labyrinth, Ossuary and Ice Cave.

You collected 2935 gold pieces.
You spent 1339 gold pieces at shops.

Inventory:

Hand Weapons
 E - a +1 antimagic broad axe
   (Trog gifted it to you on level 4 of the Swamp)
 K - a +6 antimagic war axe
   (Trog gifted it to you on level 2 of the Orcish Mines)
 Q - a +9 broad axe of electrocution (weapon)
   (Trog gifted it to you on level 6 of the Lair of Beasts)
 T - a +4 executioner's axe of freezing
   (Trog gifted it to you on level 7 of the Dungeon)
Missiles
 i - 174 bolts
 J - 3 throwing nets {=f, !d}
Armour
 b - a +2 hat (worn)
   (You found it on level 7 of the Dungeon)
 n - a +2 pair of boots (worn)
   (You found it on level 1 of the Lair of Beasts)
 w - a +1 shield of reflection (worn)
   (You took it off Donald on level 2 of the Swamp)
 D - the +1 cloak of Starlight (worn) {rElec rC+ EV+4 Stlth--}
   (You bought it in a shop on level 2 of the Orcish Mines)

   It affects your evasion (+4).
   It protects you from cold.
   It insulates you from electricity.
   It makes you much less stealthy.
 N - a +2 pair of gloves (worn)
   (You found it on level 8 of the Dungeon)
 R - a +1 shield
   (You found it on level 5 of the Lair of Beasts)
 S - +0 pearl dragon scales
   (You took it off a minotaur in a labyrinth)
 Y - +0 swamp dragon scales (worn)
   (You found it on level 1 of the Swamp)
Jewellery
 g - an uncursed ring of protection from fire {rF+, !d}
   (You found it on level 1 of the Swamp)
 j - an uncursed ring of protection from fire {rF+, !d}
   (You found it on level 1 of the Dungeon)
 k - an uncursed ring of positive energy {rN+}
   (You found it on level 13 of the Dungeon)
 l - a ring of protection from magic (left hand) {MR+, !d}
   (You found it on level 6 of the Dungeon)
 p - an uncursed ring of resist corrosion
   (You found it on level 2 of the Dungeon)
 A - an uncursed ring of protection from cold {rC+, !d}
   (You found it in an ossuary)
 H - a +4 ring of dexterity
   (You found it on level 5 of the Lair of Beasts)
 M - a +5 amulet of reflection (around neck)
   (You found it on level 2 of the Swamp)
 O - a ring of see invisible (right hand) {sInv, !d}
   (You found it on level 15 of the Dungeon)
 P - an uncursed amulet of rage {+Rage, !d}
   (You found it on level 7 of the Dungeon)
 Z - an uncursed ring of protection from cold {rC+, !d}
   (You found it on level 2 of the Lair of Beasts)
Wands
 G - a wand of lightning (15/15)
   (You found it on level 5 of the Dungeon)
 X - a wand of clouds (3/9)
   (You found it on level 9 of the Dungeon)
Scrolls
 e - 11 scrolls of teleportation
 m - 10 scrolls of remove curse
 r - 6 scrolls of magic mapping {!r}
 u - 5 scrolls of recharging
 y - 2 scrolls of fear
 F - 6 scrolls of immolation {!r}
Potions
 a - 3 potions of brilliance
 o - 2 potions of invisibility
 q - 16 potions of curing
 s - 3 potions of magic
 t - a potion of might
 v - 6 potions of haste
 x - 2 potions of cancellation
 z - 2 potions of mutation {!q}
 B - 2 potions of agility
 C - 2 potions of heal wounds
 I - 6 potions of lignification {!q}
 W - 2 potions of ambrosia
Miscellaneous
 d - 2 boxes of beasts
 U - 2 phantom mirrors
 V - a fan of gales
   (You found it on level 10 of the Dungeon)
Comestibles
 c - 16 bread rations {@e1}
 f - 29 royal jellies
 h - 41 fruits
 L - 3 meat rations {@e2}


   Skills:
 + Level 16.5 Fighting
 - Level 18.9 Axes
 + Level 16.5 Armour
 - Level 11.7 Dodging
 + Level 11.4 Shields
 + Level 9.7 Evocations


You had 16 spell levels left.
You didn't know any spells.

Dungeon Overview and Level Annotations

Branches:
Dungeon (15/15)            Temple (0/1) D:4            Lair (6/6) D:8
  Swamp (4/4) Lair:4       Spider (0/4) Lair:3        Slime (0/5) Lair:5
    Orc (2/2) D:11            Elf (0/3) Orc:2        Vaults (0/5) D:14
 Depths (0/5) D:15

Altars:
Gozag
Kikubaaqudgha
Makhleb
Okawaru
Ru
Trog
Yredelemnul
The Shining One

Shops:
D:6 %(*   D:7 (   D:9 *   D:11 [   Orc:2 [}[:


Innate Abilities, Weirdness & Mutations

You reflexively headbutt those who attack you in melee.
You have a pair of horns on your head.


Message History

You slash the swamp dragon!
The shadow slips into darkness.
The shadow flickers and vanishes!
The swamp dragon breathes poison at you.
The blast of poison misses you.
You hear a roar!
You hear a deafening roar!
You slash the swamp dragon! Your headbutt misses the swamp dragon.
Your troll looks as sick as possible!
Your troll bites the swamp dragon but does no damage.
Your troll claws the swamp dragon!
The swamp dragon dies!
Trog accepts your kill.
You hear a splash.
The swamp dragon scales are intact enough to wear.
Why would you want to do that?
You're wearing all the rings you can.
Remove which one? (? for menu, Esc to cancel) < or
l - a ring of protection from magic {MR+, !d} > or
j - a ring of protection from fire {rF+, !d} You remove your ring of protection from fire {rF+, !d}.
The shadow strikes at you from the darkness!
* * * LOW HITPOINT WARNING * * *
Reactivating autopickup.
O - a ring of see invisible (right hand) {sInv, !d} Your troll bites the shadow but does no damage.
Your troll claws the shadow!!
Your troll closely misses the shadow.
You take 6 damage, and have 21/159 hp.
You catch the helpless shadow completely off-guard!
You slice the shadow!!
You destroy the shadow!
Trog accepts your kill.
You hear a roar!
You enter the shallow water.
Moving in this stuff is going to be slow.
The shadow strikes at your troll from the darkness!
Your troll dies!
Your troll's corpse disappears in a puff of smoke!
You block the shadow's attack.
Your unstable footing causes you to fumble your attack.
You block the shadow's attack.
Your unstable footing causes you to fumble your attack.
You block the shadow's attack.
You slash the bog body! You hit the shadow. You block the shadow's attack.
You slice the bog body!! Lightning courses through the bog body!
You destroy the bog body!
Trog accepts your kill.
Trog appreciates your killing of a magic user.
You completely miss the shadow.
You hear a deafening roar!
You hear a roar!
A swamp dragon comes into view.
You slash the shadow! The shadow closely misses you. You furiously retaliate!
You headbutt the shadow!
A slime creature comes into view.
Your unstable footing causes you to fumble your attack.
You block the shadow's attack.
A hell beast comes into view.
The hell beast roars deafeningly!
You hit the shadow.
The hell beast moves out of view.
You block the shadow's attack.
You slice the shadow!! Lightning courses through the shadow!
You destroy the shadow!
Trog accepts your kill.
A death ooze comes into view.
As you read the scroll of teleportation, it crumbles to dust.
You feel strangely unstable.
The death ooze quivers.
A four-headed hydra comes into view.
A cyan ugly thing comes into view.
The cyan ugly thing gurgles horribly!
The swamp dragon breathes poison at you.
The blast of poison misses you.
You hear a roar!
A swamp dragon comes into view.
The swamp dragon roars deafeningly!
You hear a horrible gurgling sound!
You hear a roar!
You hear a screech!
You hear a roar! x2
You see here a bog body corpse.
Your surroundings suddenly seem different.
An orange demon comes into view.
As you read the scroll of teleportation, it crumbles to dust.
You feel strangely unstable.
You enter the shallow water.
Moving in this stuff is going to be slow. 2 ugly things come into view.
The purple ugly thing gurgles horribly!
Your surroundings suddenly seem different.
The thorn hunter fires a volley of thorns at you.
The volley of thorns hits you!
* * * LOW HITPOINT WARNING * * *
The thorn hunter completely misses you. You furiously retaliate!
You headbutt the thorn hunter, but do no damage.
The thorn hunter hits you but does no damage.
You take 27 damage, and have 1/159 hp.
You hit the thorn hunter but do no damage.
Your headbutt misses the thorn hunter. You slash the thorn hunter!
You block the thorn hunter's attack. The thorn hunter closely misses you.
You slash the thorn hunter!
The thorn hunter hits you but does no damage.
The thorn hunter hits you!
You die...

♣♣♣♣♣♣
♣♣♣♣♣.§§§♣♣♣♣♣
♣♣♣.≈♣.≈≈≈≈≈♣..♣≈
♣♣[.≈..≈≈≈≈≈≈≈≈≈..
♣♣.≈≈≈≈.≈≈≈≈f≈≈≈§≈≈
♣≈≈≈≈≈≈≈≈≈.@≈≈≈≈≈≈≈
♣♣≈≈≈≈≈.....≈≈≈≈≈≈≈
♣≈........≈§≈≈≈≈≈≈
♣♣..≈≈≈≈.≈≈≈≈..≈≈≈
♣≈.≈≈≈≈.≈≈≈≈..≈≈≈
♣..≈≈≈≈♣♣...♣.≈≈≈
.≈≈≈.♣♣♣♣≈♣♣♣♣≈≈≈
≈§.♣. .≈♣ .≈♣
♣♣♣♣≈. ≈≈. ≈♣


You could see a thorn hunter.

Vanquished Creatures
  A thorn hunter (Swamp:2)
  Donald (Swamp:2)
  Roxanne (D:15)
  A frost giant (IceCv)
  A stone giant (Orc:2)
  A very ugly thing (Swamp:4)
  Nessos (D:13)
  A minotaur (Lab)
  A green death (Swamp:4)
  7 ogre magi
  4 ghost crabs
  A rakshasa (D:14)
  Harold (Lair:4)
  13 hydras
  A merfolk avatar (Lair:6)
  10 alligators
  A tengu warrior (D:13)
  23 two-headed ogres
  4 centaur warriors
  A deep elf knight (D:14)
  A thrashing horror (Swamp:4)
  A hell knight (D:12)
  9 skeletal warriors
  3 swamp dragons
  3 unseen horrors
  2 spriggan druids
  3 shambling mangroves
  The ghost of Jeelzebub the Nimble, a novice OpTm of Sif Muna (D:8)
  A wizard (D:15)
  7 deep elf magi
  An orc knight (Orc:2)
  A harpy (Lair:6)
  2 manticores
  An oklob plant (Lair:6)
  A cyclops (D:12)
  2 orc sorcerers (D:15)
  3 ugly things
  7 elephants
  4 black mambas
  An ice statue (IceCv)
  A torpor snail (Lair:3)
  8 spiny frogs
  5 gargoyles (D:7)
  A freezing wraith (D:14)
  7 rime drakes
  6 kobold demonologists
  3 yaktaurs (D:14)
  3 komodo dragons
  A tengu conjurer (D:12)
  19 polar bears
  4 bog bodies
  5 trolls
  8 tyrant leeches
  A harpy skeleton (D:14)
  A hornet (shapeshifter) (D:12)
  14 hornets
  A wind drake (Lair:6)
  20 blink frogs
  11 hippogriffs
  29 slime creatures
  6 dream sheep (Lair:6)
  7 shadows
  A centaur simulacrum (D:11)
  10 spriggans
  4 wyverns
  7 basilisks
  43 yaks
  13 vampire mosquitoes
  4 hungry ghosts
  7 insubstantial wisps
  8 wargs
  13 swamp worms
  14 water moccasins
  Duvessa (D:5)
  2 swamp drakes (Swamp:3)
  22 orc warriors
  5 porcupines
  2 ice beasts
  6 sky beasts
  3 black bears
  An eye of draining (D:14)
  A black bear (shapeshifter) (D:14)
  43 ogres
  3 phantoms
  A necrophage (D:10)
  32 wolves
  10 crocodiles
  7 centaurs
  19 bullfrogs
  7 big kobolds
  A wyvern zombie (D:15)
  Dowan (D:5)
  5 scorpions
  4 killer bees (D:10)
  6 jellies
  22 wights
  6 crimson imps
  A lava snake (D:7)
  A quasit (D:11)
  5 bullfrog zombies
  7 centaur skeletons
  8 hounds
  10 orc priests
  29 orc wizards
  4 iguanas
  10 worker ants
  A killer bee zombie (Ossuary)
  3 hound zombies (Ossuary)
  21 mummies (Ossuary)
  2 worker ant zombies (Ossuary)
  12 gnolls
  7 adders
  3 shadow imps
  12 white imps (Lair:3)
  7 oozes
  3 adder zombies
  An adder skeleton (D:8)
  7 worms
  A dart slug (D:3)
  5 leopard geckos
  64 orcs
  2 ball pythons
  3 giant cockroaches
  3 goblins
  11 hobgoblins
  23 jackals
  4 quokkas
  3 bats
  3 frilled lizards
  A giant cockroach zombie (D:6)
  A jackal skeleton (D:8)
  A jackal zombie (Ossuary)
  33 kobolds
  3 leopard gecko zombies
  A quokka zombie (Ossuary)
  3 rats (D:3)
  11 fungi
  8 plants
962 creatures vanquished.

Vanquished Creatures (collateral kills)
  A vampire knight (D:12)
  Snorg (Lair:4)
  A yaktaur captain (D:12)
  A fire dragon (D:12)
  3 hydras
  5 two-headed ogres (Orc:2)
  A hell knight (D:12)
  A swamp dragon (Swamp:4)
  A tyrant leech (Lair:4)
  3 yaks (Lair:4)
  A swamp worm (Lair:4)
  An orc warrior (Orc:2)
  5 ogres (Orc:2)
  2 orcs (Orc:2)
27 creatures vanquished.

Vanquished Creatures (others)
  An ugly thing (Swamp:4)
  2 blink frogs (Lair:6)
  A yak (IceCv)
  2 insubstantial wisps (Swamp:1)
  15 wolves
  2 orcs (D:11)
  A kobold (D:12)
  2 briar patches (Swamp:4)
  6 fungi (Lair:4)
  9 plants
  4 withered plants (Ossuary)
45 creatures vanquished.

Grand Total: 1034 creatures vanquished

Notes
Turn   | Place    | Note
-------+----------+-------------------------------------------
     0 | D:1      | Firecrotchwizard the Minotaur Berserker began the quest for the Orb.
     0 | D:1      | Reached XP level 1. HP: 19/19 MP: 0/0
   353 | D:1      | Reached skill level 4 in Axes
   353 | D:1      | Reached XP level 2. HP: 26/27 MP: 1/1
   469 | D:1      | Reached skill level 4 in Fighting
   706 | D:2      | Reached XP level 3. HP: 31/33 MP: 2/2
   777 | D:2      | Reached skill level 3 in Armour
   947 | D:2      | Reached ** piety under Trog
  1434 | D:3      | Reached XP level 4. HP: 41/41 MP: 3/3
  2461 | D:4      | HP: 8/41 [orc priest/divine providence (16)]
  2463 | D:4      | HP: 2/41 [orc priest/flail (6)]
  2465 | D:4      | Reached skill level 5 in Axes
  2465 | D:4      | Reached skill level 3 in Dodging
  2465 | D:4      | Reached XP level 5. HP: 3/47 MP: 4/4
  2804 | D:4      | Reached skill level 5 in Fighting
  2804 | D:4      | Reached skill level 4 in Armour
  2809 | D:4      | Reached XP level 6. HP: 42/56 MP: 5/5
  2951 | D:4      | Reached *** piety under Trog
  2958 | D:4      | Reached skill level 6 in Axes
  3082 | D:4      | Found a glowing golden altar of the Shining One.
  3293 | D:4      | Found a bloodstained altar of Trog.
  3293 | D:4      | Found an iron altar of Okawaru.
  3541 | D:4      | Found a staircase to the Ecumenical Temple.
  3584 | D:5      | Entered Level 5 of the Dungeon
  3584 | D:5      | Noticed Dowan
  3587 | D:5      | Noticed Duvessa
  3589 | D:4      | Reached XP level 7. HP: 61/61 MP: 6/6
  3775 | D:5      | Found a sand-covered staircase.
  3780 | Ossuary  | Entered an ossuary
  3787 | Ossuary  | Reached skill level 4 in Dodging
  3804 | Ossuary  | Reached skill level 7 in Axes
  3828 | Ossuary  | Reached skill level 5 in Armour
  3883 | Ossuary  | HP: 6/62 [mummy (13)]
  3887 | Ossuary  | Reached skill level 6 in Fighting
  3889 | Ossuary  | Reached **** piety under Trog
  4275 | Ossuary  | Reached XP level 8. HP: 57/70 MP: 7/7
  4359 | Ossuary  | Reached skill level 5 in Dodging
  4434 | Ossuary  | Reached skill level 8 in Axes
  4528 | D:5      | Killed Duvessa
  4537 | D:5      | Killed Dowan
  4552 | D:5      | Reached skill level 6 in Armour
  4619 | D:5      | Received a gift from Trog
  5169 | D:6      | Found Kunad's Antique Weapon Emporium.
  5177 | D:6      | Bought a battleaxe for 227 gold pieces
  5200 | D:6      | Reached skill level 9 in Axes
  5205 | D:6      | Reached skill level 7 in Fighting
  5233 | D:6      | Found a basalt altar of Yredelemnul.
  5235 | D:6      | Found an ancient bone altar of Kikubaaqudgha.
  5236 | D:6      | Found a burning altar of Makhleb.
  5530 | D:6      | Reached skill level 6 in Dodging
  5534 | D:6      | Reached XP level 9. HP: 75/79 MP: 8/8
  5679 | D:6      | Reached skill level 7 in Armour
  5681 | D:6      | Reached skill level 10 in Axes
  5912 | D:6      | Noticed a purple ugly thing
  5919 | D:6      | Killed a purple ugly thing
  5919 | D:6      | Reached skill level 8 in Fighting
  6315 | D:6      | Reached ***** piety under Trog
  6320 | D:6      | Found Istradil's General Store.
  6501 | D:6      | Found Jinnos's Food Emporium.
  6641 | D:7      | Reached skill level 11 in Axes
  6641 | D:7      | Reached skill level 7 in Dodging
  6790 | D:7      | Reached skill level 8 in Armour
  6952 | D:7      | Reached XP level 10. HP: 80/90 MP: 9/9
  6988 | D:7      | Noticed a gargoyle
  7000 | D:7      | Killed a gargoyle
  7140 | D:7      | Noticed a gargoyle
  7148 | D:7      | Killed a gargoyle
  7155 | D:7      | Noticed a gargoyle
  7167 | D:7      | Killed a gargoyle
  7167 | D:7      | Received a gift from Trog
  7167 | D:7      | Reached skill level 9 in Fighting
  7361 | D:7      | Noticed a gargoyle
  7364 | D:7      | Killed a gargoyle
  7439 | D:7      | Noticed a gargoyle
  7447 | D:7      | Killed a gargoyle
  7447 | D:7      | Reached skill level 12 in Axes
  7744 | D:7      | Found Lisse's Antique Weapon Shop.
  7989 | D:7      | Reached skill level 8 in Dodging
  8308 | D:8      | Reached skill level 9 in Armour
  8523 | D:8      | Found a staircase to the Lair.
  8667 | D:8      | Noticed Jeelzebub's ghost (novice OpTm)
  8679 | D:8      | Killed Jeelzebub's ghost
  9261 | D:9      | Found Teifo's General Store.
  9336 | D:9      | Reached XP level 11. HP: 95/99 MP: 10/10
  9488 | D:9      | Found a sacrificial altar of Ru.
  9535 | D:9      | Noticed a two-headed ogre
  9539 | D:9      | Killed a two-headed ogre
  9539 | D:9      | Reached skill level 10 in Fighting
  9539 | D:9      | Reached skill level 13 in Axes
  9590 | D:10     | Entered Level 10 of the Dungeon
  9711 | D:10     | Found an iron altar of Okawaru.
  9753 | D:10     | Reached skill level 10 in Armour
  9860 | D:10     | Reached skill level 9 in Dodging
  9874 | D:10     | Received a gift from Trog
 10212 | D:10     | Got a transparent dagger
 10307 | Lair:1   | Entered Level 1 of the Lair of Beasts
 11293 | Lair:2   | Reached skill level 14 in Axes
 11460 | Lair:2   | Reached skill level 11 in Fighting
 11856 | Lair:3   | Found a hole to the Spider Nest.
 11932 | Lair:3   | Reached XP level 12. HP: 110/110 MP: 11/11
 11946 | Lair:3   | Reached skill level 11 in Armour
 12032 | Lair:3   | Found a frozen archway.
 12063 | IceCv    | Entered an ice cave
 12443 | IceCv    | Reached skill level 10 in Dodging
 12444 | IceCv    | Received a gift from Trog
 12450 | IceCv    | Reached skill level 15 in Axes
 12858 | IceCv    | Noticed a frost giant
 12874 | IceCv    | Killed a frost giant
 12874 | IceCv    | Reached skill level 12 in Fighting
 12875 | IceCv    | Reached skill level 16 in Axes
 13568 | Lair:3   | Noticed a six-headed hydra
 13573 | Lair:3   | Killed an eight-headed hydra
 14096 | Lair:4   | Reached skill level 12 in Armour
 14209 | Lair:4   | Reached XP level 13. HP: 119/119 MP: 12/12
 14242 | Lair:4   | Found a labyrinth entrance.
 14264 | Lab      | Entered a labyrinth
 14745 | Lab      | Noticed a minotaur
 14756 | Lab      | Killed a minotaur
 14756 | Lab      | Reached skill level 11 in Dodging
 14758 | Lab      | Got a faintly glowing fustibalus
 14897 | Lab      | Identified the +4 fustibalus of Doubt {speed, rElec} (You took it off a minotaur in a labyrinth)
 15072 | Lair:4   | Noticed Snorg
 15083 | Lair:4   | Killed Snorg
 15121 | Lair:4   | Noticed Harold
 15132 | Lair:4   | HP: 19/119 [Harold/bolt of fire (25)]
 15143 | Lair:4   | Killed Harold
 15599 | Lair:4   | Found a staircase to the Swamp.
 16025 | Lair:5   | Reached skill level 1 in Evocations
 16152 | Lair:5   | Found a staircase to the Slime Pits.
 16567 | Lair:6   | Entered Level 6 of the Lair of Beasts
 16668 | Lair:6   | Reached skill level 17 in Axes
 16671 | Lair:6   | Reached skill level 13 in Fighting
 16689 | Lair:6   | Reached skill level 2 in Evocations
 16736 | Lair:6   | Reached ****** piety under Trog
 16794 | Lair:6   | Received a gift from Trog
 17147 | Lair:6   | Reached skill level 3 in Evocations
 17364 | Lair:6   | Reached skill level 13 in Armour
 17397 | Lair:6   | Reached skill level 1 in Shields
 17525 | Lair:6   | Reached skill level 2 in Shields
 17614 | Lair:6   | Reached XP level 14. HP: 95/129 MP: 15/15
 18386 | D:11     | Found Eqoidoemi's Armour Shoppe.
 18386 | D:11     | Found a staircase to the Orcish Mines.
 18397 | D:11     | Reached skill level 4 in Evocations
 18450 | D:11     | Reached skill level 3 in Shields
 18793 | D:11     | Got a bloodstained mace
 19194 | Orc:1    | Entered Level 1 of the Orcish Mines
 19211 | Orc:1    | Received a gift from Trog
 19214 | Orc:1    | Identified the +5 mace "Coba" {crush, Fragile rN+ Int+4 Dex+3} (You found it on level 11 of the Dungeon)
 19585 | Orc:2    | Entered Level 2 of the Orcish Mines
 19757 | Orc:2    | Reached skill level 4 in Shields
 19812 | Orc:2    | Found Suoror's Antique Armour Shoppe.
 19825 | Orc:2    | Reached skill level 18 in Axes
 19845 | Orc:2    | Reached skill level 5 in Shields
 19845 | Orc:2    | Reached skill level 5 in Evocations
 19846 | Orc:2    | Received a gift from Trog
 20100 | Orc:2    | Bought the +1 cloak of Starlight {rElec rC+ EV+4 Stlth--} for 1112 gold pieces
 20141 | Orc:2    | Found a staircase to the Elven Halls.
 20356 | Orc:2    | Found Waplodumn's Book Shoppe.
 20356 | Orc:2    | Found Goux's Gadget Shop.
 20357 | Orc:2    | Found Upurow's Jewellery Boutique.
 20357 | Orc:2    | Found Samum's Armour Shoppe.
 20370 | Orc:2    | Reached skill level 14 in Armour
 20546 | Orc:2    | Noticed a stone giant
 20553 | Orc:2    | Killed a stone giant
 20949 | D:12     | Received a gift from Trog
 21073 | D:12     | Reached skill level 6 in Shields
 21177 | D:12     | Reached skill level 14 in Fighting
 21177 | D:12     | Reached XP level 15. HP: 106/138 MP: 18/18
 21503 | D:12     | Reached skill level 6 in Evocations
 22162 | D:13     | Reached skill level 7 in Shields
 22269 | D:13     | Noticed Nessos
 22274 | D:13     | Killed Nessos
 22338 | D:13     | Found an opulent altar of Gozag.
 22440 | D:13     | Received a gift from Trog
 22844 | D:14     | Reached skill level 8 in Shields
 22857 | D:14     | Reached skill level 7 in Evocations
 23089 | D:14     | Found a gate to the Vaults.
 23362 | D:14     | Found a glowing golden altar of the Shining One.
 23459 | D:14     | Received a gift from Trog
 23709 | D:15     | Entered Level 15 of the Dungeon
 23761 | D:15     | Reached skill level 15 in Armour
 23880 | D:15     | Noticed Roxanne
 23907 | D:15     | Killed Roxanne
 23907 | D:15     | Reached skill level 15 in Fighting
 24155 | D:15     | Reached skill level 9 in Shields
 24414 | D:15     | Reached XP level 16. HP: 145/149 MP: 20/20
 24433 | D:15     | Found a staircase to the Depths.
 24560 | D:15     | Reached skill level 8 in Evocations
 24953 | Swamp:1  | Entered Level 1 of the Swamp
 26324 | Swamp:1  | Received a gift from Trog
 26688 | Swamp:2  | Noticed a thorn hunter
 26689 | Swamp:2  | Noticed Donald
 26695 | Swamp:2  | Reached skill level 10 in Shields
 26705 | Swamp:2  | Killed a thorn hunter
 26715 | Swamp:2  | Killed Donald
 27071 | Swamp:2  | Reached skill level 9 in Evocations
 27212 | Swamp:2  | Reached skill level 16 in Fighting
 27229 | Swamp:2  | Reached skill level 16 in Armour
 28151 | Swamp:3  | Reached skill level 11 in Shields
 28245 | Swamp:4  | Entered Level 4 of the Swamp
 28352 | Swamp:4  | Noticed a thorn hunter
 28539 | Swamp:4  | Received a gift from Trog
 28686 | Swamp:4  | Noticed a thorn hunter
 28717 | Swamp:4  | HP: 37/152 [ten-headed hydra (8)]
 28726 | Swamp:4  | Reached XP level 17. HP: 41/159 MP: 23/23
 28729 | Swamp:4  | HP: 34/159 [six-headed hydra (9)]
 28739 | Swamp:4  | HP: 21/159 [something (6)]
 28759 | Swamp:4  | HP: 1/159 [thorn hunter/volley of thorns (27)]
 28762 | Swamp:4  | Mangled by a thorn hunter

Skill      XL: |  1  2  3  4  5  6  7  8  9 10 11 12 13 14 15 16 |
---------------+-------------------------------------------------+-----
Axes           | 4 5 6 7 9 11 12 14 16 17 18 | 18.9
Fighting       | 4 5 6 7 8 9 11 12 13 14 15 16 | 16.5
Armour         | 3 4 5 6 8 9 10 12 13 14 15 16 | 16.5
Dodging        | 3 4 6 7 8 9 10 11 | 11.7
Evocations     | 3 5 7 9 |  9.7
Shields        | 2 6 9 11 | 11.4

Action                   |  1- 3 |  4- 6 |  7- 9 | 10-12 | 13-15 | 16-18 || total
-------------------------+-------+-------+-------+-------+-------+-------++-------
Melee: Hand axe          |    58 |    72 |       |       |       |       ||   130
       Headbutt          |    16 |    24 |    96 |   105 |   186 |   112 ||   539
       War axe           |       |    22 |   326 |    36 |    54 |   131 ||   569
       Executioner's axe |       |       |       |   469 |   120 |       ||   589
       Battleaxe         |       |       |       |    31 |    71 |       ||   102
       Broad axe         |       |       |       |       |   661 |   374 ||  1035
Throw: Tomahawk          |    45 |    51 |    46 |       |       |       ||   142
Invok: Berserk           |       |     1 |     1 |       |       |       ||     2
       Burn Spellbooks   |       |     1 |     1 |     2 |     6 |     4 ||    14
       Trog's Hand       |       |       |     1 |       |     7 |       ||     8
       Brothers in Arms  |       |       |       |     1 |     4 |     2 ||     7
Evoke: Wand              |       |       |       |       |       |     2 ||     2
  Use: Potion            |       |     2 |       |     1 |     1 |     1 ||     5
       Scroll            |       |       |    10 |    10 |    18 |    10 ||    48
 Stab: Invisible         |       |       |       |     1 |       |       ||     1
       Paralysed         |       |       |       |     1 |       |       ||     1
       Distracted        |       |       |       |       |       |     2 ||     2
  Eat: Chunk             |     2 |     3 |    10 |    21 |    15 |     6 ||    57
       Meat ration       |       |     1 |       |       |     4 |     2 ||     7
       Fruit             |       |       |     2 |     3 |       |       ||     5
       Bread ration      |       |       |       |     1 |       |       ||     1
Armor: Animal skin       |    11 |     6 |       |       |       |       ||    17
       Scale mail        |       |    17 |       |       |       |       ||    17
       Chain mail        |       |    13 |   142 |    48 |       |       ||   203
       Plate armour      |       |       |       |   419 |    44 |       ||   463
       Pearl dragon scal |       |       |       |       |   260 |    45 ||   305
       Swamp dragon scal |       |       |       |       |       |   109 ||   109
Dodge: Dodged            |    28 |    38 |   143 |   439 |   490 |   313 ||  1451
Block: Other             |       |       |    27 |    81 |    30 |       ||   138
       Reflection        |       |       |     1 |     1 |    26 |     6 ||    34
       Shield            |       |       |       |       |   386 |   414 ||   800

Vault maps used:
D:1:      dpeg_arrival_rooms_c
D:2:      minmay_splitting_lines, kennysheep_pointless_box, item_on_display_a
D:4:      grunt_temple_overflow_bloody_war, lemuel_doored_altar,
          minmay_temple_entry_poolview, first_bread, st_stairs_4
D:5:      enter_ossuary_2, uniq_duvessa
D:6:      kennysheep_windowed_halls, gammafunk_temple_overflow_forgotten,
          serial_shops, nicolae_shop_crystal, shop, shop_fountains
D:7:      cheibrodos_statue_roulette, serial_shops, nicolae_shop_trees,
          minmay_gold_behind_fungi, kennysheep_opposing_triangles
D:8:      grunt_lair_entry_orc_guard_hut
D:9:      nicolae_ru_great_annihilating_truth, serial_shops, nicolae_shop_trees
D:10:     basic_altar
D:11:     orc_david_3
D:12:     minmay_sliced_demisemicircle
D:13:     hangedman_little_slice_of_home,
          nicolae_gozag_cash_rules_everything_around_me, uniq_nessos
D:14:     hangedman_vaults_entry_quadrant_bands, nicolae_tso_swordbearing_angel
D:15:     grunt_enter_depths_magical_seal, minmay_misc_feat_five, uniq_roxanne
Lair:3:   dummy_spider_entry, portal_ice_cave_entry_imps, lemuel_fruit_tree
Lair:4:   minmay_swamp_entry_worms, lab_entry_generic, uniq_harold, uniq_snorg
Lair:5:   slime_dummy, serial_bayou_shore_a
Lair:6:   gammafunk_lair_ancient_temple, grunt_forest_large_clearings
Swamp:1:  evilmike_swamp_ruin_house_4
Swamp:2:  evilmike_swamp_ruin_wall, swamp_pool2, nicolae_swamp_spriggan_camp,
          uniq_donald
Swamp:3:  hangedman_swamp_ruin_wall
Swamp:4:  swamp_vile, swamp_pool4
Orc:2:    st_orc_ogre_mass, serial_shops, shop, nicolae_orc_stony_grotto,
          nooodl_orcs_dogs
Lab:      labyrinth_watery, nicolae_lab_garden, nicolae_lab_stuck,
          nicolae_lab_diamond, nicolae_lab_checkerboard, lab_statue
Ossuary:  ossuary_zaba_flooded
IceCv:    ice_cave_caverns_02

Table legend:
 A = Turns spent in this place as a percentage of turns spent in the entire game.
 B = Non-inter-level travel turns spent in this place as a percentage of non-inter-level travel turns spent in the entire game.
 C = Inter-level travel turns spent in this place as a percentage of turns spent in this place.
 D = Turns resting spent in this place as a percentage of non-inter-level travel turns spent in this place.
 E = Turns spent auto-exploring this place as a percentage of non-inter-level travel turns spent in this place.
 F = Non-inter-level travel turns spent in this place divided by the number of levels of this place that you've seen.
                   A       B       C       D       E      F
               +-------+-------+-------+-------+-------+----------------------
         Total | 100.0 | 100.0 |   0.6 |   3.2 |  11.8 | 250.6
       Dungeon |  48.8 |  48.8 |   0.7 |   2.8 |  14.4 | 244.6
          Lair |  16.6 |  16.5 |   1.0 |   3.5 |  10.9 | 207.3
         Swamp |  14.1 |  14.2 |   0.4 |   4.7 |   9.9 | 266.5
  Orcish Mines |   6.7 |   6.7 |   1.0 |   2.0 |  15.6 | 250.5
     Labyrinth |   5.3 |   5.4 |   0.0 |   2.0 |   0.0 | 403.0
       Ossuary |   3.4 |   3.4 |   0.0 |   5.1 |   7.5 | 255.0
      Ice Cave |   5.0 |   5.1 |   0.0 |   3.9 |   5.0 | 380.0
               +-------+-------+-------+-------+-------+----------------------

Table legend:
 A = Kills in this place as a percentage of kills in entire the game.
 B = Kills by you in this place as a percentage of kills by you in the entire game.
 C = Kills by friends in this place as a percentage of kills by friends in the entire game.
 D = Other kills in this place as a percentage of other kills in the entire game.
 E = Experience gained in this place as a percentage of experience gained in the entire game.
 F = Experience gained in this place divided by the number of levels of this place that you have seen.
                   A       B       C       D       E      F
               +-------+-------+-------+-------+-------+----------------------
         Total | 100.0 | 100.0 | 100.0 | 100.0 | 100.0 | 7258.7
       Dungeon |  48.0 |  49.0 |  14.8 |  50.0 |  36.6 | 5312.3
          Lair |  16.5 |  16.3 |  25.9 |   0.0 |  17.9 | 6492.2
         Swamp |  12.8 |  12.8 |  11.1 |  25.0 |  26.0 | 14179.2
  Orcish Mines |  12.7 |  11.8 |  48.1 |   0.0 |  12.0 | 13081.0
     Labyrinth |   0.7 |   0.7 |   0.0 |   0.0 |   1.5 | 3305.0
       Ossuary |   3.7 |   3.8 |   0.0 |   0.0 |   0.4 | 776.0
      Ice Cave |   5.4 |   5.5 |   0.0 |  25.0 |   5.6 | 12163.0
               +-------+-------+-------+-------+-------+----------------------
